 Dungeon Crawl Stone Soup version 0.26-b1-32-g5d43845318 (webtiles) character file.

Game seed: 4128748061513705547

393 Arum the Shield-Bearer (level 7, 0/55 HPs)
             Began as a Formicid Fighter on Jan 11, 2021.
             Succumbed to an adder's poison
             ... on level 4 of the Dungeon.
             The game lasted 00:04:13 (2210 turns).

Arum the Shield-Bearer (Formicid Fighter)           Turns: 2210, Time: 00:04:13

Health: 0/55       AC: 15    Str: 20    XL:     7   Next: 8%
Magic:  7/7        EV: 12    Int:  8    God:
Gold:   168        SH: 10    Dex: 12    Spells: 6/6 levels left

rFire    . . .     SeeInvis +   a - +0 quarterstaff
rCold    . . .     Faith    .   c - +0 kite shield
rNeg     . . .     Spirit   .   b - +0 scale mail
rPois    .         Reflect  .   (helmet unavailable)
rElec    .         Harm     .   (no cloak)
rCorr    .         Rampage  .   (no gloves)
Will     +....                  (no boots)
Stlth    ..........             (no amulet)
HPRegen  0.18/turn              k - +4 ring of evasion
MPRegen  0.10/turn              l - +4 ring of protection

@: mighty, lethally poisoned (0 -> -4), very slightly contaminated, invisible
A: permanent stasis, dig shafts and tunnels, four strong arms, antennae 3,
molten scales 1, slimy green scales 1, strong-willed 1
a: Dig, Shaft Self


You were on level 4 of the Dungeon.
You visited 1 branch of the dungeon, and saw 4 of its levels.

You collected 168 gold pieces.

Inventory:

Hand Weapons
 a - a +0 quarterstaff (weapon)
Armour
 b - a +0 scale mail (worn)
 c - a +0 kite shield (worn)
Jewellery
 k - a +4 ring of evasion (left hand)
 l - a +4 ring of protection (right hand)
 o - an uncursed ring of fire
Scrolls
 e - 3 scrolls of teleportation {unknown}
 f - a scroll of blinking {unknown}
 g - a scroll of magic mapping {unknown}
 h - 2 scrolls of remove curse {unknown}
 i - 2 scrolls of enchant armour {unknown}
 j - 5 scrolls of identify {unknown}
 m - a scroll of noise {unknown}
 p - 3 scrolls of amnesia {unknown}
 q - a scroll of fog {unknown}
 r - a scroll of enchant weapon {unknown}


   Skills:
 + Level 4.9 Fighting
 + Level 3.9 Staves
 + Level 4.9 Armour
 + Level 5.4 Shields


You had 6 spell levels left.
You didn't know any spells.
Your spell library was empty.

Dungeon Overview and Level Annotations

Branches:
Dungeon (4/15)
 Temple: D:4-7

Altars:
Ashenzari

Annotations:
D:3 2 transporters, p0werm0de's ghost, amateur MiFi


Innate Abilities, Weirdness & Mutations

You cannot be hasted, slowed, berserked, paralysed or teleported.
You can dig through walls and to a lower floor.
Your four strong arms can wield two-handed weapons with a shield.
You have a pair of large antennae on your head. (SInv)
You are partially covered in molten scales. (AC +2)
You are partially covered in slimy green scales. (AC +2)
You are strong-willed. (Will+)


Message History

* * * LOW HITPOINT WARNING * * *
You feel sick. The adder closely misses you.
You closely miss the adder.
* * * LOW HITPOINT WARNING * * *
You feel sick. The adder barely misses you. x2
You sock the adder!
You kill the adder!
* * * LOW HITPOINT WARNING * * *
You feel sick.
You barely miss the orc.
* * * LOW HITPOINT WARNING * * *
You feel sick. You block the orc's attack.
Your shield and scale mail prevent you from hitting the orc.
* * * LOW HITPOINT WARNING * * *
You feel sick. The orc hits you but does no damage.
You barely miss the orc. You block the orc's attack.
You catch the helpless orc completely off-guard!
You hit the orc.
The orc is heavily wounded.
You die...

######## ##### ##o##...####
#...###@#{#.....$##
##....#####......... #....##
##.o.....!..
#....####......##..
#####........{...)#
##..#.........#...).#
#####...#.........#.........
......#.......(..............
.........#...................


You could see an orc.

Vanquished Creatures
  Sigmund (D:2)
  A scorpion (D:4)
  A bullfrog zombie (D:4)
  An orc wizard (D:4)
  A worker ant (D:4)
  2 adders
  An ooze (D:2)
  A dart slug (D:2)
  A leopard gecko (D:1)
  7 orcs
  4 bats
  10 giant cockroaches
  7 hobgoblins
  6 jackals
  4 kobolds
  A quokka (D:3)
  A ball python (D:1)
  4 frilled lizards
  7 goblins
  2 leopard gecko skeletons (D:4)
  7 rats
70 creatures vanquished.

Notes
Turn   | Place    | Note
-------+----------+-------------------------------------------
     0 | D:1      | Arum the Formicid Fighter began the quest for the Orb.
     0 | D:1      | Reached XP level 1. HP: 18/18 MP: 1/1
   125 | D:1      | Reached XP level 2. HP: 19/24 MP: 2/2
   441 | D:1      | Reached XP level 3. HP: 28/29 MP: 3/3
   624 | D:2      | Reached skill level 4 in Shields
   684 | D:2      | Found a broken altar of Ashenzari.
   841 | D:2      | Noticed Sigmund
   852 | D:2      | Reached XP level 4. HP: 32/37 MP: 4/4
   882 | D:2      | Killed Sigmund
   883 | D:2      | Reached XP level 5. HP: 20/43 MP: 5/5
   883 | D:2      | Reached XP level 6. HP: 22/49 MP: 6/6
  1426 | D:3      | Found a transporter.
  1454 | D:3      | Found a transporter.
  1455 | D:3      | Noticed p0werm0de's ghost (amateur MiFi)
  1487 | D:3      | Reached skill level 5 in Shields
  2197 | D:4      | Gained mutation: You are partially covered in slimy green
                  | scales. (AC +2) [potion of mutation]
  2197 | D:4      | Gained mutation: You are strong-willed. (Will+) [potion of
                  | mutation]
  2197 | D:4      | Gained mutation: You are partially covered in molten
                  | scales. (AC +2) [potion of mutation]
  2202 | D:4      | Reached XP level 7. HP: 9/55 MP: 7/7
  2206 | D:4      | HP: 2/55 [poisoned by an adder]
  2210 | D:4      | Succumbed to an adder's poison

Illustrated notes

Levels and vault maps discovered:
D:1:      grunt_arrival_crossed_arrows, layout_rooms, minmay_misc_feat_x
D:2:      layout_loops_ring, ashenzari_altar_1, uniq_sigmund
D:3:      minmay_roachtagon, layout_loops_ring, gammafunk_ghost_mausoleum
D:4:      minmay_wonky_spiral, layout_cave_pools, grunt_ministairs_3,
          fedhas_altar_4

Skill      XL: |  1  2  3  4  5  6 |
---------------+-------------------+-----
Shields        | 4 5 |  5.4
Fighting       | 4 |  4.9
Staves         | 3 |  3.9
Armour         | 4 |  4.9

Action                   |  1- 3 |  4- 6 |  7- 9 || total
-------------------------+-------+-------+-------++-------
Melee: Quarterstaff      |    95 |   157 |     8 ||   260
 Abil: Dig               |       |     2 |       ||     2
  Use: Potion            |       |     2 |     1 ||     3
 Stab: Invisible         |       |       |     1 ||     1
Armor: Scale mail        |    32 |    59 |     1 ||    92
Dodge: Dodged            |    36 |    96 |     3 ||   135
Block: Kite shield       |    44 |   106 |     4 ||   154
